 Dungeon Crawl Stone Soup version 0.31-a0-986-g5e6e4ef867 (webtiles) character file.

Game seed: 9890618192622034058

249 lessens the Ducker (level 6, 49/53 HPs)
             Began as a Gnoll Monk on Nov 14, 2023.
             Quit the game on level 3 of the Dungeon.
             The game lasted 00:03:24 (2241 turns).

lessens the Ducker (Gnoll Monk)                     Turns: 2241, Time: 00:03:24

Health: 49/53      AC:  6    Str: 12    XL:     6   Next: 12%
Magic:  8/8        EV: 13    Int:  9    God:
Gold:   64         SH:  0    Dex: 15    Spells: 8/8 levels left

rFire   . . .        a - +0 hand axe
rCold   . . .        d - orb {light}
rNeg    . . .        p - +0 ring mail
rPois   +            (helmet restricted)
rElec   .            (no cloak)
rCorr   .            (no gloves)
SInv    .            u - +0 pair of boots
Will    .....        (no amulet)
Stlth   +            r - ring of poison resistance
HPRegen 0.28/turn    (no ring)
MPRegen 0.11/turn

%: no passive effects
@: glowing
A: fangs 1, strong nose, distributed training, antennae 1, talons 1
a: no special abilities


You were on level 3 of the Dungeon.
You visited 1 branch of the dungeon, and saw 4 of its levels.

You collected 64 gold pieces.

Inventory:

Hand Weapons
 a - a +0 hand axe (weapon)
Missiles
 e - 20 stones
Armour
 b - a +0 robe
 d - an orb of light (worn)
 p - a +0 ring mail (worn)
 s - a +0 helmet
 u - a +0 pair of boots (worn)
Jewellery
 i - a +6 ring of intelligence
 m - a ring of wizardry
 r - a ring of poison resistance (left hand)
Scrolls
 h - a scroll of enchant weapon {unknown}
 j - 3 scrolls of identify {unknown}
 q - 2 scrolls of revelation {unknown}
 t - a scroll of torment {unknown}
Potions
 c - a potion of ambrosia
 g - 2 potions of curing
 k - a potion of might {unknown}
 l - a potion of attraction {unknown}
 n - a potion of degeneration {unknown}
 o - a potion of heal wounds {unknown}
 v - a potion of cancellation {unknown}


   Skills:
 + Level 6.8 Fighting
 + Level 1.8 Short Blades
 + Level 1.8 Long Blades
 + Level 6.8 Axes
 + Level 1.8 Maces & Flails
 + Level 1.8 Polearms
 + Level 1.8 Staves
 + Level 1.8 Ranged Weapons
 + Level 1.8 Throwing
 + Level 1.8 Armour
 + Level 6.8 Dodging
 + Level 1.8 Stealth
 + Level 1.8 Shields
 + Level 1.8 Unarmed Combat
 + Level 1.8 Spellcasting
 + Level 1.4 Conjurations
 + Level 1.4 Hexes
 + Level 1.4 Summonings
 + Level 1.4 Necromancy
 + Level 1.4 Translocations
 + Level 1.4 Transmutations
 + Level 1.4 Fire Magic
 + Level 1.4 Ice Magic
 + Level 1.4 Air Magic
 + Level 1.4 Earth Magic
 + Level 1.4 Poison Magic
 + Level 2.0 Invocations
 + Level 1.8 Evocations
 + Level 1.6 Shapeshifting


You had 8 spell levels left.
You didn't know any spells.
Your spell library contained the following spells:

 Spells                   Type           Power      Damage    Failure   Level
 Magic Dart               Conj           12%        1d3       38%         1
 Cigotuvi's Dreadful Rot  Necr/Pois/Air  6%         N/A       52%         2
 Searing Ray              Conj           6%         2d4       52%         2
 Ignite Poison            Fire/Tmut/Pois 3%         N/A       77%         3
 Fulminant Prism          Conj/Hex       1%         3d5       99%         4
 Freezing Cloud           Conj/Ice/Air   1%         6-21      100%        5


Dungeon Overview and Level Annotations

Branches:
Dungeon (4/15) Zot: 21753
 Temple: D:4-7

Altars:

Annotations:
D:3 Natasha, Sigmund


Innate Abilities, Weirdness & Mutations

You have very sharp teeth.
Your uncanny sense of smell can sniff out nearby items.
Your experience applies equally to all skills.
You have a pair of small antennae on your head.
You have sharp toenails.


Message History

An endoplasm is nearby!
You hit the endoplasm.
The endoplasm is almost dead.
The endoplasm misses you.
You hit the endoplasm.
You kill the endoplasm!
No target in view!
No target in view!
A giant cockroach comes into view.
A giant cockroach is nearby!
A giant cockroach is nearby!
A giant cockroach is nearby!
The giant cockroach misses you.
You hit the giant cockroach.
The giant cockroach is heavily wounded.
The giant cockroach completely misses you.
You hit the giant cockroach.
You kill the giant cockroach!
No target in view!
No target in view!
You see here a giant cockroach corpse.
Sigmund the Dreaded comes into view.
He is wielding a +0 scythe and carrying a wand of flame.
Found a red potion.
Sigmund shouts!
You hear an angry hiss.
Sigmund casts a spell.
Sigmund flickers and vanishes for a moment.
Sigmund is nearby!
Sigmund is nearby!
Found 2 stones.
Sigmund gestures at you while chanting. The puff of flame hits you.
Natasha, Servant of Life and Death comes into view.
Natasha hisses angrily.
Sigmund barely misses you.
It was a potion of curing.
You feel better. Natasha barely misses you.
It was a potion of mutation.
You feel extremely strange.
Your toenails lengthen and sharpen.
A pair of antennae grows on your head!
Your +0 helmet falls away!
Sigmund hits you but does no damage. Natasha claws you.
Are you sure you want to abandon this character and quit the game? (Confirm with "yes".)

..# #. #.## #.!
.. #...##.. .#
....... ..# #..
#.###.#
#..#.....# .#
#.##(##.†# .#
#....h.#.## .#
####.#@#..#####.#
#.@.#.....#..#
##....###...#
#.....###..#
###........####
#..####.....##
#..# #..#<...##
#..# #.####...###
#...........


You could see Sigmund (invisible) and Natasha.

Vanquished Creatures
  An ogre (D:4)
  A jelly (D:4)
  Jessica (D:2)
  Terence (D:2)
  2 adders
  4 worms (D:2)
  2 dart slugs (D:1)
  5 endoplasms
  3 giant cockroaches
  4 goblins
  5 hobgoblins
  4 jackals (D:1)
  A kobold (D:1)
  4 quokkas
  2 ball pythons
  6 bats (D:1)
  4 frilled lizards
  8 rats
58 creatures vanquished.

Notes
Turn   | Place    | Note
-------+----------+-------------------------------------------
     0 | D:1      | lessens the Gnoll Monk began the quest for the Orb.
     0 | D:1      | Reached XP level 1. HP: 23/23 MP: 1/1
    91 | D:1      | Reached XP level 2. HP: 13/29 MP: 2/2
   567 | D:1      | Reached XP level 3. HP: 30/35 MP: 3/3
   859 | D:2      | Noticed Jessica
   866 | D:2      | Killed Jessica
   867 | D:2      | Reached skill level 1 in Short Blades
   867 | D:2      | Reached skill level 1 in Long Blades
   867 | D:2      | Reached skill level 1 in Maces & Flails
   867 | D:2      | Reached skill level 1 in Polearms
   867 | D:2      | Reached skill level 1 in Staves
   867 | D:2      | Reached skill level 1 in Ranged Weapons
   867 | D:2      | Reached skill level 1 in Throwing
   867 | D:2      | Reached skill level 1 in Armour
   867 | D:2      | Reached skill level 1 in Stealth
   867 | D:2      | Reached skill level 1 in Shields
   867 | D:2      | Reached skill level 1 in Unarmed Combat
   867 | D:2      | Reached skill level 1 in Spellcasting
   867 | D:2      | Reached skill level 1 in Invocations
   867 | D:2      | Reached skill level 1 in Evocations
   867 | D:2      | Reached skill level 1 in Shapeshifting
   867 | D:2      | Reached XP level 4. HP: 33/41 MP: 5/5
  1097 | D:2      | Noticed Terence
  1367 | D:2      | Reached skill level 1 in Conjurations
  1367 | D:2      | Reached skill level 1 in Hexes
  1367 | D:2      | Reached skill level 1 in Summonings
  1367 | D:2      | Reached skill level 1 in Necromancy
  1367 | D:2      | Reached skill level 1 in Translocations
  1367 | D:2      | Reached skill level 1 in Transmutations
  1367 | D:2      | Reached skill level 1 in Fire Magic
  1367 | D:2      | Reached skill level 1 in Ice Magic
  1367 | D:2      | Reached skill level 1 in Air Magic
  1367 | D:2      | Reached skill level 1 in Earth Magic
  1367 | D:2      | Reached skill level 1 in Poison Magic
  1686 | D:2      | You fall into a shaft and drop 2 floors!
  1703 | D:4      | Noticed an ogre
  1708 | D:4      | Reached XP level 5. HP: 42/47 MP: 5/7
  1715 | D:4      | Killed an ogre
  2040 | D:2      | Killed Terence
  2041 | D:2      | Reached XP level 6. HP: 34/53 MP: 8/8
  2236 | D:3      | Noticed Sigmund
  2238 | D:3      | Noticed Natasha
  2240 | D:3      | Gained mutation: You have sharp toenails. [potion of
                  | mutation]
  2240 | D:3      | Gained mutation: You have a pair of small antennae on your
                  | head. [potion of mutation]
  2241 | D:3      | Quit the game

Illustrated notes

Levels and vault maps discovered:
D:1:      reono_arrival_forest_river, layout_basic, minmay_bisected
D:2:      layout_loops_ring, nicolae_wormholes, uniq_terence, uniq_jessica
D:3:      layout_rooms, uniq_sigmund, uniq_natasha
D:4:      layout_basic, lemuel_tele_altar, minmay_temple_entry_waves,
          serial_shops, shop, chequers_avenue

Skill      XL: |  1  2  3  4  5 |
---------------+----------------+-----
Short Blades   | 1 |  1.8
Long Blades    | 1 |  1.8
Maces & Flails | 1 |  1.8
Polearms       | 1 |  1.8
Staves         | 1 |  1.8
Ranged Weapons | 1 |  1.8
Throwing       | 1 |  1.8
Armour         | 1 |  1.8
Stealth        | 1 |  1.8
Shields        | 1 |  1.8
Unarmed Combat | 1 |  1.8
Spellcasting   | 1 |  1.8
Invocations    | 1 2 |  2.0
Evocations     | 1 |  1.8
Shapeshifting  | 1 |  1.6
Conjurations   | 1 |  1.4
Hexes          | 1 |  1.4
Summonings     | 1 |  1.4
Necromancy     | 1 |  1.4
Translocations | 1 |  1.4
Transmutations | 1 |  1.4
Fire Magic     | 1 |  1.4
Ice Magic      | 1 |  1.4
Air Magic      | 1 |  1.4
Earth Magic    | 1 |  1.4
Poison Magic   | 1 |  1.4
Fighting       | |  6.8
Axes           | |  6.8
Dodging        | |  6.8

Action                     |  1- 3 |  4- 6 || total
---------------------------+-------+-------++-------
  Melee: Hand axe          |    65 |   101 ||   166
         Bite              |     4 |    12 ||    16
    Use: Potion            |       |     2 ||     2
 Armour: Robe              |    26 |       ||    26
         Ring mail         |     5 |    40 ||    45
  Dodge: Dodged            |    50 |    50 ||   100

Table legend: (Time is in decaauts)
 A = Elapsed time spent in this place.
 B = Non-inter-level travel time spent in this place.
 C = Inter-level travel time spent in this place.
 D = Time resting spent in this place.
 E = Time spent auto-exploring this place.
 F = Levels seen in this place.
 G = Mean time per level.
                   A        B        C        D        E       F      G
               +--------+--------+--------+--------+--------+-----+--------+
         Total |   2246 |   2173 |     73 |      0 |   1746 |   4 |  561.5 |
       Dungeon |   2246 |   2173 |     73 |      0 |   1746 |   4 |  561.5 |
               +--------+--------+--------+--------+--------+-----+--------+

Top non-repeatable levels by time:
     D:2: 1170 daAuts
     D:1: 881 daAuts
     D:4: 116 daAuts
     D:3: 78 daAuts

Levels and vault maps discovered:
D:1:      reono_arrival_forest_river, layout_basic, minmay_bisected
D:2:      layout_loops_ring, nicolae_wormholes, uniq_terence, uniq_jessica
D:3:      layout_rooms, uniq_sigmund, uniq_natasha
D:4:      layout_basic, lemuel_tele_altar, minmay_temple_entry_waves,
          serial_shops, shop, chequers_avenue
